Unix NetHack Version 5.0.0-0 post-release - last build Jun 10 2026 00:39:30 (3ee93aec679c4c4259841fe613dc97188e26a321,branch:main).

Game began 2026-06-12 17:50:32, ended 2026-06-12 18:45:52.

KraJa, neutral female gnomish Wizard

                                ################              --------
                                #             ################-......|
                                #             ##    #-----#  #|.....<|
                                #                    |...|####.......|
                                #                    |...-####|......|
                                #                    |...| #  --------
                                #                    |...| #
                       #        #                    .....##
                       #####Bs  #                    |^..|
                             @  #                    -----
                             #  #
                            +####
                             #####

KraJa the Thaumaturge     St:10 Dx:15 Co:15 In:18 Wi:11 Ch:12  Neutral
Dlvl:8  $:18 HP:0(49) Pw:61(66) AC:5  Xp:7/783 T:8454 

Latest messages:
 #
 You are now more skilled in dagger.
 Pick a monster, object or location.
 You see here a runed dagger.
 z - a runed dagger named @ (3 in total).
 You swap places with your giant bat.
 The door resists!
 The door opens.
 You swap places with your giant bat.
 The white unicorn vanishes!
 Pick a monster, object or location.
 You hit the giant spider.
 The giant spider bites!
 You hit the giant spider.
 The giant spider bites!
 You swap places with your giant bat.
 The giant bat misses it.
 The giant bat misses it.
 The giant bat misses it.
 You hear some noises.
 You hear some noises.
 You stop searching.
 The giant bat misses the giant spider.
 The giant spider bites!
 The giant spider's bite was poisoned!
 In what direction?
 The spell misses the giant spider.
 The giant bat misses the giant spider.
 The giant spider bites!
 The giant bat misses the giant spider.
 The giant spider bites!
 The giant spider's bite was poisoned!
 What do you want to write with? [- actuzLMW or ?*]
 You write in the dust with your fingertip.
 The giant bat bites the giant spider.
 The giant spider misses the giant bat.
 The giant spider bites!
 The giant bat misses the giant spider.
 What do you want to write with? [- actuzLMW or ?*]
 Do you want to add to the current engraving? [ynq] (y)
 You wipe out the message that was written in the dust here.
 You write in the dust with your fingertip.
 The giant bat misses the giant spider.
 The giant spider turns to flee.
 The giant bat bites the giant spider.
 The giant spider bites!
 The giant bat misses the giant spider.
 The giant spider bites!
 You die...
 Do you want your possessions identified? [ynq] (y)

Inventory:
 Coins    ('$')
  $ - 18 gold pieces
 Weapons  (')')
  L - 3 uncursed +0 daggers named @
  z - 3 uncursed +0 elven daggers named @ (wielded)
  a - a blessed +1 quarterstaff
 Armor    ('[')
  H - an uncursed +0 orcish helm named @ (being worn)
  G - an uncursed +0 pair of leather gloves named @ (being worn)
  B - a blessed +0 pair of iron shoes named @ (being worn)
  C - an uncursed +0 cloak of magic resistance named C@83 (being worn)
  q - an uncursed +0 mummy wrapping named @
 Comestibles  ('%')
  k - 2 uncursed strawberries
  f - an uncursed food ration
  v - 3 uncursed lichen corpses
 Scrolls  ('?')
  d - a blessed scroll of blank paper
  b - 3 uncursed scrolls of blank paper
  i - an uncursed scroll of teleportation
 Potions  ('!')
  g - an uncursed potion of extra healing
  e - an uncursed potion of hallucination
 Rings    ('=')
  u - an uncursed ring of fire resistance named .
  W - an uncursed ring of protection from shape changers named .
 Wands    ('/')
  M - an uncursed wand of light named @ (0:6)
  c - an uncursed wand of polymorph (0:0)
 Tools    ('(')
  t - an uncursed towel named @

KraJa the Wizard's attributes:

Background:
 You were a Thaumaturge, a level 7 female gnomish Wizard.
 You were neutral, on a mission for Thoth
 who was opposed by Ptah (lawful) and Anhur (chaotic).
 You were left-handed.
 You were in the Dungeons of Doom, on level 8.
 You entered the dungeon 8454 turns ago.
 You had 783 experience points, 497 more were needed to attain level 8.

Basics:
 You had 0 out of 49 hit points.
 You had 61 out of 66 energy points (spell power).
 Your armor class was 5.
 Your wallet contained 18 zorkmids.
 Autopickup was on for all types, with exceptions.

Final Characteristics:
 Your strength was 10 (limit:18/50).
 Your dexterity was 15 (limit:18).
 Your constitution was 15 (limit:18).
 Your intelligence was 18 (limit:19).
 Your wisdom was 11 (limit:18).
 Your charisma was 12 (limit:18).

Final Status:
 You weren't hungry.
 You were unencumbered.
 You were wielding daggers.
 You had basic skill with dagger.

Final Attributes:
 You were piously aligned.
 You were magic-protected.
 You were cold resistant.
 You had infravision.
 You were warded.
 You are dead.

Miscellaneous:
 You didn't encounter any bones levels.
 Total elapsed playing time was 49 minutes and 10 seconds.

Major events:
 Turn
    1: KraJa the neutral female gnomish Wizard entered the dungeon
 2985: attained the rank of Conjurer (level 3)
 4088: entered the Gnomish Mines
 5532: attained the rank of Thaumaturge (level 6)
 7616: reached Mine Town
 8454: killed by a giant spider

Spells:
 Name                 Level Category     Fail Retention
 force bolt             1   attack         4%   56%-60%
 haste self             3   escape        91%   51%-75%

Skills:
 Fighting Skills
   bare handed combat [Unskilled]
   riding             [Unskilled]
 Weapon Skills
   dagger             [Basic]
   knife              [Unskilled]
   axe                [Unskilled]
   short sword        [Unskilled]
   club               [Unskilled]
   mace               [Unskilled]
   quarterstaff       [Basic]
   polearms           [Unskilled]
   spear              [Unskilled]
   trident            [Unskilled]
   sling              [Unskilled]
   dart               [Unskilled]
   shuriken           [Unskilled]
 Spellcasting Skills
   attack spells      [Skilled]
   healing spells     [Unskilled]
   divination spells  [Unskilled]
   enchantment spells [Basic]
   clerical spells    [Unskilled]
   escape spells      [Unskilled]
   matter spells      [Unskilled]

Voluntary challenges:
 Character rerolling was not enabled.
 You never genocided any monsters.
 You never polymorphed an object.
 You never changed form.
 You used no wishes.
Achievements:
 You attained the rank of Conjurer.
 You entered the Gnomish Mines.
 You entered a shop.
 You attained the rank of Thaumaturge.
 You entered Minetown.

 The Dungeons of Doom: levels 1 to 8
    Level 1:
    Level 2:
    Level 3:
       Many fountains, a sink.
       Stairs down to The Gnomish Mines.
    Level 4: "V"
       A general store, a fountain, some sinks.
    Level 5:
       A general store, a sink.
    Level 6:
       A fountain.
    Level 7:
       Many fountains.
    Level 8: <- You were here.
       Final resting place for
          you, killed by a giant spider.
 The Gnomish Mines: levels 4 to 6
    Level 4:
    Level 5:
    Level 6:
       A fountain.


Vanquished creatures:
  3 small mimics
  a large cat
  a leprechaun
 an owlbear
  a jaguar
  2 ravens
  a bugbear
  2 yellow lights
  a gnomish wizard
  a kobold mummy
  3 gray oozes
  2 ghouls
  2 straw golems
  a paper golem
  a giant ant
  a little dog
  2 floating eyes
  2 dwarves
  2 homunculi
  a kobold leader
  3 kobold shamans
  2 hill orcs
  a centipede
  3 giant bats
  a werejackal
 an acid blob
  2 coyotes
  a gas spore
  5 hobbits
  a large kobold
  a hobgoblin
  2 cave spiders
  a brown mold
  2 yellow molds
  2 gnomes
  6 garter snakes
  a gnome zombie
  3 geckos
 15 jackals
  2 foxes
  2 kobolds
  2 goblins
  4 sewer rats
 13 grid bugs
  8 lichens
  4 kobold zombies
 13 newts
132 creatures vanquished.

No species were genocided or became extinct.

Game over:
                       ----------
                      /          \
                     /    REST    \
                    /      IN      \
                   /     PEACE      \
                  /                  \
                  |      KraJa       |
                  |      18 Au       |
                  |   killed by a    |
                  |   giant spider   |
                  |                  |
                  |                  |
                  |       2026       |
                 *|     *  *  *      | *
        _________)/\\_//(\/(/\)/\//\/|_)_______

Goodbye KraJa the Wizard...

You died in The Dungeons of Doom on dungeon level 8 with 3509 points,
and 18 pieces of gold, after 8454 moves.
You were level 7 with a maximum of 49 hit points when you died.

